 Dungeon Crawl Stone Soup version 0.32-a0-534-ga61f84b8bd (webtiles) character file.

Game seed: 16796094138613674211

60 CrazyBamboolord the Trooper (level 4, -1/35 HPs)
             Began as a Coglin Berserker on Feb 28, 2024.
             Was a Believer of Trog.
             Slain by Natasha (4 damage)
             ... on level 2 of the Dungeon.
             The game lasted 00:02:23 (1167 turns).

CrazyBamboolord the Trooper (Coglin Berserker)      Turns: 1167, Time: 00:02:24

Health: -1/35      AC:  4    Str: 19    XL:     4   Next: 4%
Magic:  4/4        EV: 12    Int:  7    God:    Trog [**....]
Gold:   116        SH:  0    Dex: 13    Spells: 3/3 levels left

rFire   . . .        a - +1 hand axe {Narong}
rCold   . . .        g - +0 mace {Tejnoor}
rNeg    + . .        e - +2 robe {rN+}
rPois   .            (no helmet)
rElec   .            (no cloak)
rCorr   .            (no gloves)
SInv    .            (no boots)
Will    .....        (no amulet)
Stlth   +            (ring unavailable)
HPRegen 0.25/turn    (ring unavailable)
MPRegen 0.09/turn

%: no passive effects
@: on berserk cooldown, slowed, revving, very slow
A: off-hand wielding, slow wielding, warmup strikes, no rings
a: Renounce Religion, Berserk, Trog's Hand


You were on level 2 of the Dungeon.
You worshipped Trog.
Trog was pleased with you.
You visited 1 branch of the dungeon, and saw 2 of its levels.

You collected 116 gold pieces.

Inventory:

Hand Weapons
 a - a +1 hand axe (weapon) {Narong}
 g - a +0 mace (offhand) {Tejnoor}
Armour
 e - a +2 robe of positive energy (worn)
Scrolls
 d - a scroll of teleportation {unknown}
 f - a scroll of brand weapon {unknown}
Potions
 i - a potion of mutation {unknown}


   Skills:
 * Level 3.5 Fighting
 * Level 3.5 Axes
 * Level 2.5 Armour
 + Level 2.1 Dodging


You had 3 spell levels left.
You didn't know any spells.
Your spell library was empty.

Dungeon Overview and Level Annotations

Branches:
Dungeon (2/15)

Altars:

Annotations:
D:2 Natasha


Innate Abilities, Weirdness & Mutations

You can wield a second weapon in your off-hand.
It takes a long time for you to wield or remove held weapons.
Your first few attacks do less damage.
Your grasper-arms cannot wear rings.


Message History

Natasha casts a spell at you.
You feel yourself slow down.
Unknown command.
It was a potion of ambrosia.
You are confused.
You feel invigorated.
Natasha stares at you and mumbles some strange words.
The magic dart hits you.
You closely miss Natasha with your +0 hand axe.
You completely miss Natasha with your +0 mace.
Natasha barely misses you.
Natasha mumbles some strange words.
You feel less invigorated.
You feel less confused.
Natasha zaps a wand.
The puff of flame is repelled.
Natasha casts a spell at you.
The magic dart hits you but does no damage.
You see here the felid corpse of Natasha.
The cerulean imp closely misses you.
Natasha zaps a wand.
The puff of flame is repelled.
The cerulean imp completely misses you.
You barely miss Natasha with your +0 mace.
You hit Natasha with your +0 hand axe.
Natasha zaps a wand.
The puff of flame hits you! The cerulean imp closely misses you.
Natasha claws you. The cerulean imp completely misses you.
Unknown command.
You closely miss Natasha with your +0 hand axe.
Natasha is lightly wounded.
You miss Natasha with your +0 mace. Natasha claws you but does no damage.
The cerulean imp hits you from afar with a +0 spear.
* * * LOW HITPOINT WARNING * * *
Natasha casts a spell at you. The magic dart hits you!
* * * LOW HITPOINT WARNING * * *
The cerulean imp barely misses you.
As you read the scroll labelled POFOYF XAERE, it crumbles to dust.
It is a scroll of enchant weapon.
Your +0 hand axe {Narong} glows red for a moment.
Natasha claws you.
You die...
Natasha curls up and begins to purr.

#.. .. ### ##.##..
##...#.# ##......##
....?.5.. #....h.#
#. #@# #.##†##
#...†.# ####..#
#..# #######..#
#........##.
#.#..†.........
.####.#.#######.#.#


You could see Natasha and a cerulean imp (summoned).

Vanquished Creatures
  Natasha (D:2)
  3 bats
  3 endoplasms (D:1)
  A giant cockroach (D:1)
  2 goblins (D:1)
  4 hobgoblins (D:1)
  5 ball pythons
  2 frilled lizards (D:1)
  7 kobolds (D:1)
  4 rats (D:1)
32 creatures vanquished.

Notes
Turn   | Place    | Note
-------+----------+-------------------------------------------
     0 | D:1      | CrazyBamboolord the Coglin Berserker began the quest for
                  | the Orb.
     0 | D:1      | Reached XP level 1. HP: 18/18 MP: 1/1
   276 | D:1      | Reached XP level 2. HP: 22/24 MP: 2/2
   973 | D:1      | Reached XP level 3. HP: 27/29 MP: 3/3
  1120 | D:2      | Reached ** piety under Trog
  1126 | D:2      | Noticed Natasha
  1136 | D:2      | Killed Natasha
  1137 | D:2      | Reached XP level 4. HP: 23/35 MP: 4/4
  1157 | D:2      | Noticed Natasha
  1167 | D:2      | Slain by Natasha

Illustrated notes

Levels and vault maps discovered:
D:1:      ncdulo_halloftheorcs, layout_basic, minivault_5,
          lexackson_kobold_supper
D:2:      layout_loops_ring, uniq_natasha

Skill      XL: |  1  2 |
---------------+-------+-----
Armour         | 2 |  2.5
Dodging        | 2 |  2.1
Fighting       | |  3.5
Axes           | |  3.5

Action                     |  1- 3 |  4- 6 || total
---------------------------+-------+-------++-------
  Melee: Hand axe          |    54 |     7 ||    61
         Mace              |    20 |     7 ||    27
 Invoke: Berserk           |     2 |       ||     2
    Use: Potion            |       |     2 ||     2
         Scroll            |       |     1 ||     1
 Armour: Animal skin       |    24 |       ||    24
         Robe              |    19 |    13 ||    32
  Dodge: Dodged            |    47 |     9 ||    56
         Repelled          |     1 |     2 ||     3

Table legend: (Time is in decaauts)
 A = Elapsed time spent in this place.
 B = Non-inter-level travel time spent in this place.
 C = Inter-level travel time spent in this place.
 D = Time resting spent in this place.
 E = Time spent auto-exploring this place.
 F = Levels seen in this place.
 G = Mean time per level.
                   A        B        C        D        E       F      G
               +--------+--------+--------+--------+--------+-----+--------+
         Total |   1198 |   1147 |     51 |    118 |    793 |   2 |  599.0 |
       Dungeon |   1198 |   1147 |     51 |    118 |    793 |   2 |  599.0 |
               +--------+--------+--------+--------+--------+-----+--------+

Top non-repeatable levels by time:
     D:1: 1129 daAuts
     D:2: 68 daAuts
